 Dungeon Crawl Stone Soup version 0.22.1-1-ga44c0e56f4 (webtiles) character file.

58 AlolanVulpixel the Cudgeler (level 3, -1/29 HPs)
             Began as a Demonspawn Monk on Sept 24, 2018.
             Slain by a goblin
             ... wielding a +0 dagger of venom
              (4 damage)
             ... on level 3 of the Dungeon.
             The game lasted 00:03:16 (1647 turns).

AlolanVulpixel the Cudgeler (Demonspawn Monk)       Turns: 1647, Time: 00:03:16

Health: -1/29      AC:  5    Str: 12    XL:     3   Next: 75%
Magic:  3/3        EV: 12    Int: 11    God:
Gold:   151        SH:  0    Dex: 17    Spells: 2/2 levels left

rFire    x . .     SeeInvis .   a - +0 mace
rCold    + . .     Gourm    .   (no shield)
rNeg     . . .     Faith    .   f - +0 ring mail
rPois    .         Spirit   .   (helmet restricted)
rElec    .         Reflect  .   (no cloak)
rCorr    .         Harm     .   (no gloves)
MR       .....                  (no boots)
Stlth    +.........             (no amulet)
HPRegen  0.09/turn              b - ring of ice
MPRegen  0.08/turn              (no ring)

@: confused, flying
A: horns 1, thin skeletal structure 1
a: no special abilities


You were on level 3 of the Dungeon.
You were hungry.

You visited 1 branch of the dungeon, and saw 3 of its levels.

You collected 151 gold pieces.

Inventory:

Hand Weapons
 a - a +0 mace (weapon)
Armour
 f - a +0 ring mail (worn)
Jewellery
 b - a ring of ice (left hand)
Scrolls
 d - a scroll of identify {unknown}
 e - a scroll of blinking {unknown}
 j - a scroll of teleportation {unknown}
Potions
 g - a potion of flight
Comestibles
 c - 3 rations


   Skills:
 + Level 3.3 Fighting
 + Level 3.4 Maces & Flails
 + Level 0.6 Armour
 + Level 3.1 Dodging
 + Level 2.0 Stealth


You had 2 spell levels left.
You didn't know any spells.
Your spell library was empty.

Dungeon Overview and Level Annotations

Branches:
Dungeon (3/15)

Altars:
Ashenzari
Qazlal
Yredelemnul


Innate Abilities, Weirdness & Mutations

You have a pair of small horns on your head.
You have a somewhat thin skeletal structure. (Dex +2, Stealth)


Message History

The orc wizard points at you and mumbles some strange words.
The puff of flame hits you! The fire burns you terribly!
Ouch! That really hurt!
The orc completely misses you. The goblin closely misses you.
You hit the orc wizard. You headbutt the orc wizard.
The orc wizard is severely wounded.
The orc barely misses you. The orc hits you with a club.
* * * LOW HITPOINT WARNING * * *
The orc wizard points at you and mumbles some strange words.
You are confused.
The orc misses you. The goblin misses you.
You barely miss the orc wizard.
The orc wizard is severely wounded.
The orc closely misses you. x2
The orc wizard gestures at you while chanting.
The magic dart hits you!
* * * LOW HITPOINT WARNING * * *
The orc misses you.
The goblin hits you with a dagger of venom.
You die...

# ####
#.####...
.....)#
....#
#o.##.#
#.@o..#
#oog###
...s.#
##....#
#....#
#...<<
#.#..#
.....#


You could see an orc wizard, 3 orcs, a giant cockroach and a goblin.

Vanquished Creatures
  An adder (D:2)
  2 leopard geckos
  2 ball pythons (D:2)
  6 giant cockroaches
  4 goblins (D:1)
  5 hobgoblins (D:2)
  4 jackals (D:1)
  6 bats
  6 frilled lizards
  2 kobolds
  6 rats
44 creatures vanquished.

Notes
Turn   | Place    | Note
-------+----------+-------------------------------------------
     0 | D:1      | AlolanVulpixel the Demonspawn Monk began the quest for the
                  | Orb.
     0 | D:1      | Reached XP level 1. HP: 18/18 MP: 1/1
   240 | D:1      | Gained mutation: You have a pair of small horns on your
                  | head. [demonic ancestry]
   240 | D:1      | Reached XP level 2. HP: 24/24 MP: 2/2
   284 | D:1      | Found a shattered altar of Ashenzari.
  1048 | D:2      | Found a basalt altar of Yredelemnul.
  1066 | D:2      | Gained mutation: You have a somewhat thin skeletal
                  | structure. (Dex +2, Stealth) [demonic ancestry]
  1066 | D:2      | Reached XP level 3. HP: 25/29 MP: 3/3
  1243 | D:2      | Found a stormy altar of Qazlal.
  1647 | D:3      | Slain by a goblin

Skill      XL: |  1  2  3 |
---------------+----------+-----
Maces & Flails | 3 |  3.4
Dodging        | 3 |  3.1
Stealth        | 2 |  2.0
Fighting       | |  3.3
Armour         | |  0.6

Action                   || total
-------------------------++-------
Melee: Mace              ||   128
       Headbutt          ||    18
  Use: Potion            ||     3
 Stab: Sleeping          ||     3
  Eat: Chunk             ||     2
Armor: Robe              ||    10
       Ring mail         ||    63
Dodge: Dodged            ||   137
